 Seeded DCSS version 0.29.1-1-gd02db6906a (webtiles) character file.

Game seed: 2387645567842811425 (custom seed)

247 lonewolfV2 the Trooper (level 5, -1/48 HPs)
             Began as a Minotaur Fighter on Oct 18, 2022.
             Killed by nerve-wracking pain
             ... invoked by an orc priest
              (3 damage)
             ... on level 4 of the Dungeon.
             The game lasted 00:04:17 (2118 turns).

lonewolfV2 the Trooper (Minotaur Fighter)           Turns: 2118, Time: 00:04:18

Health: -1/48      AC: 16    Str: 23    XL:     5   Next: 85%
Magic:  4/4        EV:  9    Int:  5    God:
Gold:   228        SH:  5    Dex: 15    Spells: 4/4 levels left

rFire   + . .      SeeInvis .   e - +3 scimitar (protect)
rCold   + . .      Faith    .   c - +0 buckler
rNeg    . . .      Spirit   .   b - +1 scale mail
rPois   +          Reflect  .   (helmet restricted)
rElec   .          Harm     .   (no cloak)
rCorr   .          Rampage  .   (no gloves)
Will    .....                   f - +0 pair of boots of Duck's Teeth {rPois rF+ rC+ Regen+}
Stlth   ..........              (no amulet)
HPRegen 0.96/turn               h - +6 ring of dexterity
MPRegen 0.09/turn               (no ring)

@: under a protective aura
A: horns 2, retaliatory headbutt
a: no special abilities


You were on level 4 of the Dungeon.
You visited 2 branches of the dungeon, and saw 5 of its levels.

You collected 228 gold pieces.

Inventory:

Hand Weapons
 a - a +0 flail
 e - a +3 scimitar of protection (weapon)
Missiles
 n - 2 throwing nets (quivered)
Armour
 b - a +1 scale mail (worn)
 c - a +0 buckler (worn)
 f - the +0 pair of boots of Duck's Teeth (worn) {rPois rF+ rC+ Regen+}
   (You acquired it on level 2 of the Dungeon)

   rF:        It protects you from fire.
   rC:        It protects you from cold.
   rPois:     It protects you from poison.
   Regen:     It increases your rate of health regeneration.
Jewellery
 h - a +6 ring of dexterity (left hand)
 l - a ring of poison resistance
 q - a ring of protection from cold
Scrolls
 k - a scroll of magic mapping
 m - a scroll of fear {unknown}
 r - a scroll of brand weapon {unknown}
 s - a scroll of poison {unknown}
 t - 2 scrolls of teleportation
Potions
 d - a potion of might
 g - a potion of curing {unknown}
 i - a potion of lignification {unknown}
 j - a potion of flight {unknown}
 o - a potion of cancellation {unknown}
 p - a potion of degeneration {unknown}


   Skills:
 + Level 5.1 Fighting
 + Level 4.2 Maces & Flails
 + Level 5.0 Armour
 + Level 5.0 Shields


You had 4 spell levels left.
You didn't know any spells.
Your spell library contained the following spells:

 Spells                   Type           Power      Damage    Failure   Level
 Confusing Touch          Hex            0%         N/A       99%         3
 Yara's Violent Unravell  Hex/Tmut       0%         3d3       100%        5
 Enfeeble                 Hex            0%         N/A       100%        7


Dungeon Overview and Level Annotations

Branches:
Dungeon (4/15)             Temple (1/1) D:4

Altars:
Ashenzari
Cheibriados
Fedhas
Hepliaklqana
Nemelex Xobeh
Ru
Trog
Uskayaw
Wu Jian
Yredelemnul

Shops:
D:3 *


Innate Abilities, Weirdness & Mutations

You have a pair of horns on your head.
You reflexively headbutt those who attack you in melee.


Message History

The magic dart hits you.
The orc priest invokes the aid of Beogh against you.
Beogh smites you!
You bump into the rock wall.
Something hits you but does no damage.
The orc priest calls down the wrath of Beogh upon you.
Beogh smites you!
You hear some strange, mumbled words.
A puff of flame appears from out of thin air!
The puff of flame hits you but does no damage.
Unknown command.
You feel less confused.
The orc priest invokes the aid of Beogh against you.
Something writhes in agony!
Reactivating autopickup.
You feel a bit more experienced.
Your Shields skill increases to level 5!
The orc priest mumbles some strange prayers to Beogh against you.
Beogh smites you!
* * * LOW HITPOINT WARNING * * *
You block the orc priest's attack.
The orc hits you with a +0 falchion of holy wrath.
* * * LOW HITPOINT WARNING * * *
The orc hits you with a +0 whip.
* * * LOW HITPOINT WARNING * * *
Items here: )) [[ †.
Unknown command.
You hit the orc but do no damage.
Your weapon exudes an aura of protection.
The orc hits you but does no damage.
The orc priest hits you but does no damage.
The orc hits you with a +0 whip.
* * * LOW HITPOINT WARNING * * *
You barely miss the orc. The orc hits you but does no damage.
The orc hits you with a +0 falchion of holy wrath.
* * * LOW HITPOINT WARNING * * *
You block the orc priest's attack. The orc closely misses you.
The orc barely misses you. You furiously retaliate!
You headbutt the orc.
The orc priest mumbles some strange prayers to Beogh against you.
Pain shoots through your body!
You die...

##................#
##.....#.....#.#####
#.......#####.#...#
#.......###.....#
#.......#...#.##
#.........##..#
#.......####.##
#........# #.o#
..##########@## ##
#oo# #...## .....##
..... ####


You could see an orc priest and 2 orcs.

Vanquished Creatures
  An orc priest (D:4)
  An orc wizard (D:4)
  3 adders
  8 gnolls
  2 dart slugs
  6 orcs
  3 endoplasms
  4 giant cockroaches
  6 goblins
  2 hobgoblins
  4 jackals (D:4)
  3 quokkas
  3 ball pythons
  4 bats
  3 frilled lizards
  6 kobolds
  5 rats
64 creatures vanquished.

Vanquished Creatures (others)
  An orc wizard (D:4)
1 creature vanquished.

Grand Total: 65 creatures vanquished

Notes
Turn   | Place    | Note
-------+----------+-------------------------------------------
     0 | D:1      | lonewolfV2 the Minotaur Fighter began the quest for the
                  | Orb.
     0 | D:1      | Reached XP level 1. HP: 19/19 MP: 0/0
    52 | D:1      | Identified a scroll of acquirement
    52 | D:1      | Acquired a +3 scimitar of protection
   109 | D:2      | Found a sparkling altar of Nemelex Xobeh.
   118 | D:2      | Reached XP level 2. HP: 24/27 MP: 1/1
   132 | D:2      | Acquired the +0 pair of boots of Duck's Teeth {rPois rF+
                  | rC+ Regen+}
   270 | D:2      | Reached XP level 3. HP: 32/33 MP: 2/2
   591 | D:2      | Reached XP level 4. HP: 29/41 MP: 3/3
  1424 | D:3      | Reached XP level 5. HP: 47/47 MP: 4/4
  1561 | D:3      | Found a bloodstained altar of Trog.
  1648 | D:3      | Found Ybeonkia's Assorted Antiques.
  1747 | D:3      | Found a sparkling altar of Nemelex Xobeh.
  1886 | D:4      | Found a staircase to the Ecumenical Temple.
  1900 | Temple   | Entered the Ecumenical Temple
  2032 | D:4      | Found an ornate altar of the Wu Jian Council.
  2109 | D:4      | Reached skill level 5 in Fighting
  2109 | D:4      | Reached skill level 5 in Armour
  2115 | D:4      | Reached skill level 5 in Shields
  2117 | D:4      | HP: 2/48 [orc/+0 whip (2)]
  2118 | D:4      | Killed from afar by an orc priest

Illustrated notes

Levels and vault maps discovered:
D:1:      lemuel_arrival_room, layout_basic, ebering_ecumenical_altar_box
D:2:      layout_loops_ring, serial_rivers, chequers_serial_rivers_micro_e,
          chequers_serial_rivers_micro_b, chequers_serial_rivers_small_3,
          chequers_serial_rivers_micro_c, chequers_serial_rivers_micro_d,
          basic_altar
D:3:      cheibrodos_helix_gallery, layout_rooms, mainiacjoe_overflow_catwalk,
          mainiacjoe_overflow_surrounded_room, serial_shops, shop,
          nrook_mini_backslash
D:4:      layout_rooms, amcnicky_altar_gilded, minmay_temple_entry_nine_rooms,
          glass_columns_a
Temple:   nicolae_temple_ecumenical_triangle

Skill      XL: |  1  2  3  4  5 |
---------------+----------------+-----
Fighting       | 4 5 |  5.1
Armour         | 4 5 |  5.0
Shields        | 4 5 |  5.0
Maces & Flails | 3 4 |  4.2

Action                   |  1- 3 |  4- 6 || total
-------------------------+-------+-------++-------
Melee: Scimitar          |    58 |    78 ||   136
       Headbutt          |     8 |     6 ||    14
  Use: Scroll            |     2 |     5 ||     7
Armor: Scale mail        |    31 |    59 ||    90
Dodge: Dodged            |    33 |    59 ||    92
Block: Buckler           |    16 |    42 ||    58
